Cogmind - Beta 13 @@@ ROGUE MODE // 2024.05.22 @ 12:13:05 Player: Barbarossa Result: Destroyed by G-34 Mercenary with Small Laser Performance ------------- Evolutions (1) 500 Regions Visited (2) 400 Robots Destroyed (27) 135 Value Destroyed (807) 807 Prototype IDs (1) 20 Alien Tech Used (0) 0 Bonus (0) 0 TOTAL SCORE: 1862 Bonus ------- None Cogmind --------- Core Integrity 0/400 Matter 273/300 Energy 260/265 System Corruption 6% Temperature Cool (6) Movement Rolling (100) Location -9/Materials Parts ------- > --- POWER (1) -------- Improved Ion Engine > --- PROPULSION (4) --- Compact Wheel Compact Wheel > --- UTILITY (2) ------ Medium Storage Unit Signal Interpreter > --- WEAPON (2) ------- Heavy Hammer > --- INVENTORY (10) --- Armored Wheel Armored Wheel Cooling System Small Laser Small Laser Datajack Peak State ------------ > --- POWER ------------ Improved Ion Engine > --- PROPULSION ------- Wheel Compact Wheel Armored Wheel Armored Wheel > --- UTILITY ---------- Medium Storage Unit Signal Interpreter > --- WEAPON ----------- Heavy Hammer Heavy Hammer > --- INVENTORY -------- Improved Ion Engine Improved Ion Engine Light Treads Light Treads Compact Wheel Compact Wheel Compact Wheel Small Laser Small Laser Datajack [Rating: 15] Favorites ----------- Power Improved Ion Engine Engine Improved Ion Engine Propulsion Wheel Treads Light Treads Leg Aluminum Leg Wheel Wheel Utility Medium Storage Unit Storage Medium Storage Unit Processor Signal Interpreter Weapon Heavy Hammer Energy Gun EM Pulse Gun Ballistic Gun Light Assault Rifle Impact Weapon Heavy Hammer Build | -11 -10 -9 ------- Run | Yrd Mat Mat Slots Evolved 2 | . . 2 Power . | . . . Propulsion 2 | . . 2 Utility . | . . . Weapon . | . . . Parts Attached 27 | . 10 17 Power 6 | . 2 4 Engine 6 | . 2 4 Core . | . . . Reactor . | . . . Propulsion 12 | . 3 9 Treads 3 | . . 3 Leg . | . . . Wheel 9 | . 3 6 Hover . | . . . Flight . | . . . Utility 3 | . 3 . Device . | . . . Storage 2 | . 2 . Processor 1 | . 1 . Hackware . | . . . Protection . | . . . Artifact . | . . . Weapon 6 | . 2 4 Energy Gun 1 | . . 1 Energy Cannon . | . . . Ballistic Gun . | . . . Ballistic Cannon . | . . . Launcher . | . . . Special Weapon . | . . . Impact Weapon 5 | . 2 3 Slashing Weapon . | . . . Piercing Weapon . | . . . Special Melee Weapon . | . . . Unidentified Prototypes 1 | . . 1 Corrupted Parts 1 | . . 1 System Corruption 6 | . . 6 Parts Lost 9 | . 2 7 Power 3 | . 1 2 Propulsion 5 | . 1 4 Utility . | . . . Weapon 1 | . . 1 Highest Loss Streak 3 | . 1 3 To Critical Strikes . | . . . Average Slot Usage (%) 89 | . 96 81 Engine 11 | . 13 9 Treads 6 | . . 15 Wheel 21 | . 27 13 Storage 12 | . 14 11 Processor 10 | . 10 11 Impact Weapon 24 | . 27 21 Naked Turns . | . . . Heaviest Build 23 | 11 23 23 Greatest Support 50 | 20 26 50 Greatest Overweight (x) 2 | . 2 1 Average Overweight (x) . | . . . Largest Inventory Capacity 10 | . 10 10 Average Capacity 9 | . 9 10 Most Carried 10 | . 10 10 Average Carried 9 | . 9 9 Final Capacity 10 | 8 10 10 Final Carried 10 | 6 10 6 Class Distribution -------------------- 100% | Mutant Dominant Class ---------------- Mutant | -10/Materials Mutant | -9/Materials Resources | -11 -10 -9 ----------- Run | Yrd Mat Mat Matter Collected 435 | 200 100 135 Remotely . | . . . Salvage Created 1161 | . 348 813 Parts 34 | . 10 24 Haulers Intercepted 1 | . . 1 Recyclers Shooed 1 | . . 1 Parts Field Recycled . | . . . Retrieved Matter . | . . . Parts Self-Destructed . | . . . Prevented . | . . . Kills | -11 -10 -9 ------- Run | Yrd Mat Mat Combat Hostiles Destroyed 19 | . 7 12 Melee 8 | . 5 3 Cannons 1 | . . 1 Classes Destroyed 6 | . 3 3 Hauler 1 | . . 1 Recycler 4 | . 1 3 Watcher 3 | . 1 2 Grunt 15 | . 7 8 Brawler 1 | . . 1 Sentry 3 | . . 3 Best Kill Streak 6 | . 3 6 Combat Bots Only 6 | . 2 6 Max Kills in Single Turn 1 | . 1 1 Gunslinging . | . . . Exploded . | . . . Melee 1 | . 1 1 Uniques/NPCs Destroyed . | . . . Combat | -11 -10 -9 -------- Run | Yrd Mat Mat Hostile Shots Fired 165 | . 36 129 Missed 37 | . 8 29 Damage Taken 1656 | . 341 1315 Core 509 | . 106 403 Absorbed by Shields . | . . . Core Remaining (%) 78 | 100 57 . Volleys Fired . | . . . Largest . | . . . Hottest . | . . . Shots Fired . | . . . Gun . | . . . Cannon . | . . . Launcher . | . . . Special . | . . . Kinetic . | . . . Thermal . | . . . Explosive . | . . . Electromagnetic . | . . . Robot Hit Streak . | . . . Robot Miss Streak . | . . . Penetration Max . | . . . Secondary Targets . | . . . Shots Hit Robots 58 | . 17 41 Core Hits 12 | . 5 7 Critical Kills 3 | . 2 1 Critical Parts Destroyed 10 | . 3 7 Critical Strikes 13 | . 5 8 Smash 13 | . 5 8 Melee Attacks 92 | . 30 62 Impact 92 | . 30 62 Slashing . | . . . Piercing . | . . . Sneak Attacks 6 | . 1 5 Combat Hostiles . | . . . Follow-up Attacks 8 | . . 8 Damage Inflicted 2505 | . 732 1773 Guns . | . . . Cannons . | . . . Explosions . | . . . Melee 2505 | . 732 1773 Ramming . | . . . Kinetic . | . . . Thermal . | . . . Explosive . | . . . Electromagnetic . | . . . Impact 2505 | . 732 1773 Slashing . | . . . Piercing . | . . . Highest Corruption 6 | . . 6 Average Corruption 6 | . . 6 Corruption Purged . | . . . Corruption Blocked . | . . . Effects 12 | . . 12 Message Errors 1 | . . 1 Matter Fused 2 | . . 2 Heat Flow Errors 1 | . . 1 Energy Discharges 2 | . . 2 Parts Rejected 2 | . . 2 Data Loss (minor) 2 | . . 2 Data Loss (major) 2 | . . 2 Overload Shots . | . . . Overflow Damage 752 | . 244 508 Projectiles . | . . . Explosions . | . . . Melee 752 | . 244 508 Knockbacks 11 | . 2 9 Impact 9 | . 2 7 Kinetic . | . . . Secondary 2 | . . 2 Self-Inflicted Damage . | . . . Shots . | . . . Rammed . | . . . Targets Rammed . | . . . Kicked . | . . . Crushed . | . . . Highest Temperature 142 | . 10 142 Average Temperature 50 | . 10 56 Received Heat Transfer 801 | . 207 594 Siege Activations . | . . . Robots Corrupted . | . . . Combat Hostiles . | . . . Parts Fried 12 | . 3 9 Impact Corruptions 28 | . 8 20 Robots Melted . | . . . Combat Hostiles . | . . . Parts Melted . | . . . Heat Transferred . | . . . Parts Sabotaged . | . . . Parts Stolen . | . . . Parts Stripped . | . . . Power Chain Reactions . | . . . Alert | -11 -10 -9 ------- Run | Yrd Mat Mat Peak Influence 231 | . 190 231 Initial 29 | . . 29 Average 89 | . 71 111 Maximum Alert Level 1 | . . 1 Low Security (%) 90 | . 100 79 Level 1 9 | . . 20 Level 2 . | . . . Level 3 . | . . . Level 4 . | . . . Level 5 . | . . . High Security . | . . . Max Security . | . . . Squads Dispatched 3 | . 2 1 Investigation 3 | . 2 1 Extermination . | . . . Reinforcement . | . . . Assault . | . . . Garrison . | . . . Intercept . | . . . Searches Triggered . | . . . Construction Impeded . | . . . Haulers Reinforced . | . . . Active Scanning Responses . | . . . Cargo Convoy Interrupts . | . . . Stealth | -11 -10 -9 --------- Run | Yrd Mat Mat Distress Signals 4 | . 2 2 Communications Jammed . | . . . Distress Signals . | . . . Times Spotted 36 | . 12 24 Peak Tracking Total 7 | . 3 7 Tactical Retreats 2 | . 1 1 Traps | -11 -10 -9 ------- Run | Yrd Mat Mat Traps Triggered 2 | . 2 . Indirectly . | . . . Trap Hack Attempts . | . . . Triggered . | . . . Disarmed . | . . . Reprogrammed . | . . . Reused . | . . . Traps Extracted . | . . . Installed . | . . . Triggered . | . . . Machines | -11 -10 -9 ---------- Run | Yrd Mat Mat Machines Disabled . | . . . Max in Single Turn . | . . . Machines Repaired . | . . . Machines Dismantled . | . . . Machines Sabotaged . | . . . Overloaded Fab Kills . | . . . Hacking | -11 -10 -9 --------- Run | Yrd Mat Mat Machines Accessed 6 | . 2 4 Terminals 5 | . 2 3 Fabricators . | . . . Repair Stations . | . . . Recycling Units . | . . . Scanalyzers 1 | . . 1 Garrison Access . | . . . Total Hacks 17 | . 7 10 Successful 8 | . 3 5 Failed 9 | . 4 5 Catastrophic . | . . . Database Lockouts . | . . . Manual 13 | . 5 8 Terminals 14 | . 7 7 Fabricators . | . . . Repair Stations . | . . . Recycling Units . | . . . Scanalyzers 3 | . . 3 Garrison Access . | . . . Terminal Hacks 2 | . 2 . Emergency Access Points 1 | . 1 . Alert Level 1 | . 1 . Fabricator Hacks . | . . . Repair Station Hacks . | . . . Recycling Unit Hacks . | . . . Scanalyzer 2 | . . 2 Insert Component 1 | . . 1 Analyze 1 | . . 1 Garrison Access Hacks . | . . . Unauthorized Hacks 4 | . 1 3 Terminals 3 | . 1 2 Botnet 2 | . 1 1 Operators 1 | . . 1 Fabricators . | . . . Repair Stations . | . . . Recycling Units . | . . . Scanalyzers 1 | . . 1 Researchers 1 | . . 1 Garrison Access . | . . . Data Cores Recovered . | . . . Used . | . . . Hacking Detections 6 | . 2 4 Full Trace Events 1 | . . 1 Feedback Events . | . . . Feedback Blocked . | . . . Robot Schematics Acquired . | . . . Robots Built . | . . . Authchips . | . . . Time . | . . . Total Robot Build Rating . | . . . Part Schematics Acquired 1 | . . 1 Parts Built . | . . . Authchips . | . . . Time . | . . . Total Part Build Rating . | . . . Parts Repaired . | . . . Time . | . . . Parts Recycled . | . . . Recycled Matter . | . . . Retrieved Matter . | . . . Retrieved Components . | . . . Parts Scanalyzed 1 | . . 1 Part Schematics Acquired 1 | . . 1 Parts Damaged . | . . . Bothacking | -11 -10 -9 ------------ Run | Yrd Mat Mat Used RIF Installer . | . . . Robots Hacked . | . . . Non-combat . | . . . Combat . | . . . Robot Hacks Applied . | . . . Relay Couplers Released . | . . . Fabnet Peak Effective % . | . . . Robots Rewired . | . . . Allies Hacked . | . . . Hacks Repelled . | . . . Allies | -11 -10 -9 -------- Run | Yrd Mat Mat Total Allies . | . . . Largest Group . | . . . Highest-Rated Group . | . . . Highest-Rated Ally . | . . . Total Orders . | . . . Ally Attacks . | . . . Total Damage . | . . . Kills . | . . . Allies Corrupted . | . . . Allies Melted . | . . . Intel | -11 -10 -9 ------- Run | Yrd Mat Mat Robot Analysis Total . | . . . Derelict Logs Recovered . | . . . Drone Launches . | . . . Drone Recoveries . | . . . Exploration | -11 -10 -9 ------------- Run | Yrd Mat Mat Turns Passed 1314 | . 717 597 Spaces Moved 730 | 1 462 267 Core . | . . . Treads 137 | . . 137 Legs 8 | 1 7 . Wheels 585 | . 455 130 Hover . | . . . Flight . | . . . Fastest Speed 80 | 120 80 90 Average Speed 115 | 120 91 156 Slowest Speed 240 | 120 120 240 Overloaded Moves . | . . . Propulsion Burnouts . | . . . Robots Hopped . | . . . Cave-ins Triggered . | . . . Exploration Rate (%) 30 | 2 56 32 Regions Visited 2 Branch Regions . Pre-discovered Areas . | . . . Known Exits Taken 1 | . 1 . Unknown Exits Taken 1 | 1 . . Scrap Searched . | . . . Spaces Dug . | . . . Terrain Destroyed . | . . . Melee . | . . . Projectile . | . . . AOE . | . . . Terrain Rammed . | . . . Walls Destroyed . | . . . Machines Disabled . | . . . Actions | -11 -10 -9 --------- Run | Yrd Mat Mat Total 1060 | . 703 357 Wait 195 | . 181 14 Move 728 | . 461 267 Hop . | . . . Pick Up 14 | . 12 2 Fast Attach 9 | . 2 7 Attach 8 | . 2 6 Detach . | . . . Swap 10 | . 6 4 Drop 16 | . 9 7 Fire . | . . . Melee 80 | . 30 50 Ram . | . . . Kick . | . . . Crush . | . . . Escape Stasis . | . . . Rewire . | . . . Trap . | . . . Miscellaneous . | . . . Route ------- -11/Scrapyard -10/Materials (discovered 3 exits: *Mat / *Min x2) -9/Materials (discovered 1 exit: *Min) History --------- Turn | Location | Event 1 | -11/Scrapyard | Discovered new exit (range 0) 1 | -11/Scrapyard | Entered Materials 183 | -10/Materials | Discovered new exit (range 6) 310 | -10/Materials | Build established: Mutant 331 | -10/Materials | Discovered new exit (range 12) 425 | -10/Materials | Identified exit to Mines 433 | -10/Materials | Discovered exit to Mines (range 11) 717 | -10/Materials | Identified exit to Materials 718 | -10/Materials | Entered another Materials area 718 | -9/Materials | Evolved 2 slots: Propulsion x2 1112 | -9/Materials | Discovered new exit (range 11) 1147 | -9/Materials | Identified exit to Mines 1173 | -9/Materials | Core integrity fell below 50% 1288 | -9/Materials | Core integrity fell below 20% 1315 | -9/Materials | Destroyed by G-34 Mercenary with Small Laser Last Messages --------------- 01290_ K-01 Serf collects debris. 01297_ R-06 Scavenger collects Corrupted Lgt. Nuclear Core. 01301_ R-06 Scavenger collects Sml. Storage Unit. 01306_ G-34 Mercenary suffers critical hit (Smash). 01306_ Destroyed Heat Sink. 01306_ G-34 Mercenary system corrupted by crushing effect. 01308_ Destroyed Ion Engine. 01308_ Destroyed Aluminum Leg. 01308_ G-34 Mercenary system corrupted by crushing effect. 01309_ G-34 Mercenary system terminally corrupted. 01309_ Sml. Laser fried. 01309_ K-01 Serf cleans the Nuclear Reactor. 01310_ System corrupted: Matter fused (-7). 01310_ K-01 Serf collects debris. Map ----- +----------------------------------------------------+ | ??????### %% > +????????? | | ??????####+####### ^ % #????????? | | ??????# %% #?# #####*%! = ###/##????????? | | ??????# "T" * #?# #???#########?????????????? | | ??????# #?# ##### #?????????????? | | ??????# #?# # "" #?????????????? | | ??????# #?# !% # ""S [#?????????????? | | ??????# #?# T = # "" #?????????????? | | ??????# [= #?### # #?????????????? | | ??????# == #???# # #?????????????? | | ??????# #???# % + #?????????????? | | ??????######## #???# # """ #?????????????? | | ??????????????##???# w""" # """ #?????????????? | | ???????????????????# k""" %# """ #?????????????? | | ???????????????????# """!%# #?????????????? | | ???????????????????# !%!#########?????????????? | | ???????????????????# #?????????????????????? | | ???????????????????# #?????????????????????? | | ???????????????????# = #?????????????????????? | | ###????????????????# #?????????????????????? | | #????????????????# []] #?????????????????????? | | #????????????????# []] #?????????????????????? | | #????????????????# ]]] #?????????????????????? | | #????????????????# k r #?????????????????????? | | #????????????????# %#?????????????????????? | | #????????????????# k@ #?????????????????????? | | #????????????????# m g #?????????????????????? | | #????????????????# """a #?????????????????????? | | #????????????????# """ #?????????????????????? | | ###????????????????# """ #?????????????????????? | | ???????????????????# #?????????????????????? | | ?????????????????? ?????????????????????? | | ?????????????????? ?????????????????????? | | ????????????????? ? ? ?????????????????????? | | ???????????????????????######????????????????????? | | ?????????????????????????????????????????????????? | | ?????????????????????????????????????????????????? | | ?????????????????????????????????????????????????? | | ?????????????????????????????????????????????????? | | ?????????????????????????????????????????????????? | | ?????????????????????????????????????????????????? | | ?????????????????????????????????????????????????? | | ?????????????????????????????????????????????????? | | ?????????????????????????????????????????????????? | | ?????????????????????????????????????????????????? | | ?????????????????????????????????????????????????? | | ?????????????????????????????????????????????????? | | ?????????????????????????????????????????????????? | | ?????????????????????????????????????????????????? | | ?????????????????????????????????????????????????? | +----------------------------------------------------+ Best States ------------- Heat Dissipation 28 Energy Generation 12 Energy Capacity 265 Matter Stores 300 Matter Capacity 300 Sight Range 16 Terrain Scan Density 10 Evasion (%) 45 Recoil Reduction 1 Item Schematics ----------------- Arm. Wheel | -9/Materials | Scanalyzed Robot Schematics ------------------ None Fabricated ------------ Nothing Alien Tech Used ----------------- None Achievements -------------- None Challenges ------------ None Game ------ Seed PoweredNeutronMonowheel Manual? 0 Play Time 00:18:47 Cumulative 183.2 hours Start 2024.05.21 @ 17:08:14 End 2024.05.22 @ 12:13:05 Sessions 5 Manual Loads 0 Difficulty Rogue Special Mode None Game No. 340 Rogue 340 Adventurer 0 Explorer 0 Win Type - Total 0 Types 0/0/0/0/0/0/0/0/0 Lore% 42 Gallery% 54 Achievement% 39 Wizard Run 0 Options --------- Layout 1 ASCII 0 Keyboard 0 Movement Mouse Keybinds 0 Fullscreen 1 Font 24/Smallcaps Map View 50x40 Zoom Use 0% Tactical HUD 1 Map Filters NONE Filters NONE Steam 1 RUN: 39abd178-5faf-4625-87c5-e955559d26cb